 Dungeon Crawl Stone Soup version 0.26-a0-737-g4e9f4955e2 (webtiles) character file.

Game seed: 1595748848462478474

1407 jiml777 the Magician (level 8, -11/41 HPs)
             Began as a Deep Elf Air Elementalist on Nov 4, 2020.
             Was an Initiate of Sif Muna.
             Mangled by an ogre
             ... wielding a +0 giant club
              (24 damage)
             ... on level 6 of the Dungeon.
             The game lasted 00:57:16 (7460 turns).

jiml777 the Magician (Deep Elf Air Elementalist)    Turns: 7460, Time: 00:57:18

Health: -11/41     AC:  8    Str:  5    XL:     8   Next: 42%
Magic:  1/21       EV: 13    Int: 23    God:    Sif Muna [......]
Gold:   282        SH:  0    Dex: 15    Spells: 9/22 levels left

rFire    + . .     SeeInvis .   n - +1 dagger (venom)
rCold    + . .     Faith    .   (no shield)
rNeg     . . .     Spirit   .   u - +0 steam dragon scales
rPois    .         Reflect  .   (no helmet)
rElec    .         Harm     .   w - scarf {rC+ rF+}
rCorr    .         Rampage  .   g - +2 pair of gloves
MR       .....                  (no boots)
Stlth    ++........             (no amulet)
HPRegen  0.13/turn              m - ring of wizardry
MPRegen  0.17/turn              (no ring)

@: swift, quick
A: no striking features
a: Renounce Religion


You were on level 6 of the Dungeon.
You worshipped Sif Muna.
Sif Muna was noncommittal.
You visited 2 branches of the dungeon, and saw 7 of its levels.

You collected 282 gold pieces.

Inventory:

Hand Weapons
 n - a +1 dagger of venom (weapon)
 o - a +3 war axe of flaming
 q - a +4 dagger
Missiles
 b - 63 arrows
 i - 91 sling bullets
 s - 18 poisoned darts (quivered)
Armour
 g - a +2 pair of gloves (worn)
 u - +0 steam dragon scales (worn)
 w - a scarf of resistance (worn)
Jewellery
 m - a ring of wizardry (left hand)
Wands
 a - a wand of enslavement (9)
 j - a wand of disintegration (16)
Scrolls
 e - 6 scrolls of remove curse
 k - 3 scrolls of teleportation
 p - a scroll of blinking
 t - a scroll of amnesia
Potions
 c - 2 potions of ambrosia
 d - 2 potions of flight
 f - 2 potions of brilliance
 h - a potion of heal wounds
 l - a potion of might {unknown}
 r - 2 potions of stabbing {unknown}
 v - a potion of invisibility {unknown}


   Skills:
 + Level 3.0 Dodging
 - Level 3.0 Stealth
 + Level 7.8 Spellcasting
 + Level 3.6 Conjurations
 * Level 3.4 Translocations
 + Level 6.6 Air Magic
 * Level 4.1 Evocations


You had 9 spell levels left.
You knew the following spells:

 Your Spells              Type           Power        Failure   Level
a - Shock                 Conj/Air       ####         1%          1
b - Swiftness             Air            #####...     1%          2
c - Static Discharge      Conj/Air       ####....     1%          3
d - Airstrike             Air            #####.....   1%          4
e - Gell's Gravitas       Tloc           ###.......   2%          3

Your spell library contained the following spells:

 Spells                   Type           Power        Failure   Level
 Corona                   Hex            #......      2%          1
 Ensorcelled Hibernation  Hex/Ice        #.....       4%          2
 Dazzling Flash           Conj/Hex       ###...       4%          3
 Confusing Touch          Hex            #.......     9%          3
 Tukima's Dance           Hex            #.......     9%          3
 Lightning Bolt           Conj/Air       ####......   10%         5
 Petrify                  Tmut/Erth      #.......     26%         4
 Metabolic Englaciation   Hex/Ice        #.........   58%         5
 Yara's Violent Unravell  Hex/Tmut       #.........   58%         5


Dungeon Overview and Level Annotations

Branches:
Dungeon (6/15)             Temple (1/1) D:5

Altars:
Ashenzari
Cheibriados
Elyvilon
Hepliaklqana
Kikubaaqudgha
Makhleb
Nemelex Xobeh
Ru
Sif Muna
Trog
Uskayaw
The Shining One

Annotations:
D:6 3 runed translucent doors, ringo67's ghost, novice KoEn


Message History

Confirm with . or Enter, or press ? or * to list all spells.
Aiming: Shock (safe; 1% risk of failure)
Press: ? - help, Shift-Dir - straight line The zap hits the bullfrog skeleton!
You destroy the bullfrog skeleton!
Sif Muna accepts your kill.
Your Dodging skill increases to level 3!
A centaur comes into view.
The ogre closely misses you.
The centaur wields a cursed +0 shortbow.
The centaur shoots an arrow.
The arrow misses you.
The centaur shoots an arrow.
The arrow hits you.
You see here an arrow.
Casting: Shock (safe; 1% risk of failure)
Confirm with . or Enter, or press ? or * to list all spells.
You feel quick.
The ogre hits you with a +0 giant spiked club!
The ogre hits you with a +0 giant club!!
Ouch! That really hurt!
You die...

.... ########## ... #........#
... #.....[..# .. #.
#........# #c# #.
#........###<#### #.
#####........##.....# # #.
#............##.###.#
#.##.####......@Oc..........#
...............O....##.#####
.##.###........)....##.......#
#..................##########
#####..............+
#......####........#
.#.###.### #........#
..........# #........#
..........# ##.......#


You could see 2 ogres and a centaur.

Vanquished Creatures
  2 steam dragons (D:5)
  An orc warrior (D:6)
  2 sky beasts (D:5)
  An ice beast (D:6)
  A phantom (D:4)
  A centaur (D:6)
  A scorpion (D:4)
  A howler monkey (D:6)
  A centaur zombie (D:5)
  A hound (D:6)
  A bullfrog skeleton (D:6)
  An iguana (D:4)
  2 orc wizards (D:5)
  3 worker ants
  A killer bee zombie (D:5)
  A hound skeleton (D:3)
  A worker ant zombie (D:6)
  10 adders
  3 gnolls (D:3)
  A shadow imp (D:3)
  A white imp (D:5)
  An ooze (D:5)
  An adder skeleton (D:4)
  4 worms
  5 dart slugs
  6 leopard geckos
  14 orcs
  2 bats
  3 giant cockroaches
  6 goblins
  12 hobgoblins
  3 quokkas (D:2)
  A ball python (D:3)
  6 frilled lizards (D:1)
  A jackal skeleton (D:4)
  8 kobolds
  6 rats
116 creatures vanquished.

Notes
Turn   | Place    | Note
-------+----------+-------------------------------------------
     0 | D:1      | jiml777 the Deep Elf Air Elementalist began the quest for
                  | the Orb.
     0 | D:1      | Reached XP level 1. HP: 10/10 MP: 6/6
   315 | D:1      | Reached XP level 2. HP: 15/15 MP: 5/8
   457 | D:1      | Learned a level 2 spell: Swiftness
  1267 | D:2      | Reached XP level 3. HP: 16/19 MP: 6/10
  1272 | D:2      | Learned a level 3 spell: Static Discharge
  1309 | D:2      | Found a glowing golden altar of the Shining One.
  1788 | D:2      | Reached skill level 4 in Spellcasting
  1788 | D:2      | Reached XP level 4. HP: 24/24 MP: 7/12
  1858 | D:2      | Learned a level 4 spell: Airstrike
  1866 | D:2      | Found a bloodstained altar of Trog.
  2548 | D:3      | Reached XP level 5. HP: 21/28 MP: 8/13
  2617 | D:3      | Reached skill level 1 in Evocations
  3109 | D:3      | Found a sparkling altar of Nemelex Xobeh.
  3200 | D:3      | Learned a level 3 spell: Gell's Gravitas
  4129 | D:4      | Noticed a phantom
  4133 | D:4      | Killed a phantom
  4133 | D:4      | Reached XP level 6. HP: 29/32 MP: 1/15
  4315 | D:4      | Reached skill level 5 in Spellcasting
  4315 | D:4      | Reached skill level 1 in Translocations
  4315 | D:4      | Reached skill level 5 in Air Magic
  5323 | D:5      | Entered Level 5 of the Dungeon
  5402 | D:5      | Noticed a steam dragon
  5404 | D:5      | Killed a steam dragon
  5404 | D:5      | Reached XP level 7. HP: 36/36 MP: 7/17
  5404 | D:5      | Noticed a steam dragon
  5410 | D:5      | Killed a steam dragon
  5410 | D:5      | Reached skill level 6 in Spellcasting
  6063 | D:5      | Found a hide-covered altar of Uskayaw.
  6301 | D:5      | Reached XP level 8. HP: 41/41 MP: 15/20
  6400 | D:5      | Found a staircase to the Ecumenical Temple.
  6409 | Temple   | Entered the Ecumenical Temple
  6526 | Temple   | Became a worshipper of Sif Muna the Loreminder
  6735 | D:5      | Reached skill level 7 in Spellcasting
  7101 | D:6      | Found a runed translucent gate.
  7102 | D:6      | Noticed a white ugly thing
  7105 | D:6      | Found a runed translucent gate.
  7105 | D:6      | Found a runed translucent gate.
  7105 | D:6      | Noticed ringo67's ghost (novice KoEn)
  7460 | D:6      | Mangled by an ogre

Illustrated notes

Levels and vault maps discovered:
D:1:      dpeg_arrival_tiny_a, layout_loops_ring
D:2:      layout_basic, tso_metal_star, lightli_temple_of_fire
D:3:      layout_basic, chequers_serial_rivers_small_b, minivault_4,
          nemelex_diamond_rough_becter
D:4:      layout_layer_cave
D:5:      kennysheep_steamy, layout_basic, lemuel_temple_firewalk_b, basic_altar
D:6:      layout_basic, serial_shops, nicolae_shop_behind_doors,
          gammafunk_ghost_split
Temple:   regret_index_temple_generic_petals

Skill      XL: |  1  2  3  4  5  6  7  8 |
---------------+-------------------------+-----
Stealth        | 3 |  3.0
Spellcasting   | 4 5 6 7 |  7.8
Conjurations   | 2 3 |  3.6
Air Magic      | 4 5 6 |  6.6
Evocations     | 1 2 3 4 |  4.1
Translocations | 1 2 3 |  3.4
Dodging        | 3 |  3.0

Action                   |  1- 3 |  4- 6 |  7- 9 || total
-------------------------+-------+-------+-------++-------
Melee: Dagger            |       |       |     8 ||     8
 Cast: Shock             |    64 |    95 |    20 ||   179
       Airstrike         |       |    12 |    36 ||    48
       Swiftness         |       |       |     2 ||     2
Evoke: Wand              |       |       |     3 ||     3
  Use: Scroll            |       |    11 |     1 ||    12
       Potion            |       |       |     1 ||     1
Armor: Robe              |     3 |     2 |       ||     5
       Steam dragon scal |       |       |    11 ||    11
Dodge: Dodged            |     9 |    13 |    20 ||    42

Table legend: (Time is in decaauts)
 A = Elapsed time spent in this place.
 B = Non-inter-level travel time spent in this place.
 C = Inter-level travel time spent in this place.
 D = Time resting spent in this place.
 E = Time spent auto-exploring this place.
 F = Levels seen in this place.
 G = Mean time per level.
                   A        B        C        D        E       F      G
               +--------+--------+--------+--------+--------+-----+--------+
         Total |   7461 |   7310 |    151 |   2379 |   2911 |   7 | 1065.9 |
       Dungeon |   7321 |   7192 |    129 |   2379 |   2798 |   6 | 1220.2 |
        Temple |    139 |    117 |     22 |      0 |    113 |   1 |  139.0 |
               +--------+--------+--------+--------+--------+-----+--------+

Top non-repeatable levels by time:
     D:2: 1562 daAuts
     D:5: 1543 daAuts
     D:3: 1418 daAuts
     D:4: 1384 daAuts
     D:1: 956 daAuts
     D:6: 456 daAuts
  Temple: 139 daAuts
